 Dungeon Crawl Stone Soup version 0.31-a0-632-g766dd24fdf (webtiles) character file.

Game seed: 15124846298895622209

57 thirtiethelement the Shooter (level 3, -1/28 HPs)
             Began as a Demonspawn Hunter on Aug 26, 2023.
             Succumbed to an adder's poison
             ... on level 2 of the Dungeon.
             The game lasted 00:02:10 (860 turns).

thirtiethelement the Shooter (Demonspawn Hunter)     Turns: 860, Time: 00:02:10

Health: -1/28      AC:  3    Str: 11    XL:     3   Next: 73%
Magic:  3/3        EV: 12    Int: 10    God:
Gold:   42         SH:  0    Dex: 18    Spells: 2/2 levels left

rFire   . . .        b - +0 dagger
rCold   . . .        (no shield)
rNeg    . . .        c - +0 leather armour
rPois   .            (no helmet)
rElec   .            (no cloak)
rCorr   .            (no gloves)
SInv    .            (no boots)
Will    .....        (no amulet)
Stlth   ++           (no ring)
HPRegen 0.24/turn    (no ring)
MPRegen 0.08/turn

%: no passive effects
@: lethally poisoned (-1 -> -5)
A: powered by death 1
a: no special abilities


You were on level 2 of the Dungeon.
You visited 1 branch of the dungeon, and saw 2 of its levels.

You collected 72 gold pieces.
You spent 30 gold pieces at shops.

Inventory:

Hand Weapons
 a - a +0 shortbow
 b - a +0 dagger (weapon)
Armour
 c - a +0 leather armour (worn)
Talismans
 k - a flux talisman
Scrolls
 d - a scroll of butterflies
 g - a scroll of amnesia
 i - 2 scrolls of teleportation {unknown}
 l - a scroll of enchant weapon {unknown}
Potions
 e - a potion of haste {unknown}
 f - a potion of mutation {unknown}
 h - a potion of cancellation {unknown}
 j - a potion of might {unknown}


   Skills:
 + Level 2.4 Fighting
 + Level 4.5 Ranged Weapons
 + Level 0.4 Armour
 + Level 2.0 Dodging
 + Level 1.0 Stealth


You had 2 spell levels left.
You didn't know any spells.
Your spell library was empty.

Dungeon Overview and Level Annotations

Branches:
Dungeon (2/15)

Altars:

Shops:
D:1 ?


Innate Abilities, Weirdness & Mutations

You regenerate a little health from kills.


Message History

You are too injured to fight recklessly!
You are too injured to fight recklessly!
Unknown command.
You hit the adder.
The adder is heavily wounded.
You feel sick. The adder bites you. The adder bites you but does no damage.
You miss the adder.
The adder is heavily wounded.
You feel sick. The adder bites you.
* * * LOW HITPOINT WARNING * * *
You hit the adder but do no damage.
The adder is heavily wounded.
You feel sick. The adder misses you.
You miss the adder.
The adder is heavily wounded.
You feel sick. The adder misses you.
You closely miss the adder.
The adder is heavily wounded.
You feel sick. The adder barely misses you. The adder misses you.
You hit the adder.
The adder is severely wounded.
You feel sick. The adder closely misses you.
You miss the adder.
The adder is severely wounded.
You feel sick.
You are no longer poisoned.
The adder bites you.
* * * LOW HITPOINT WARNING * * *
You miss the adder.
The adder is severely wounded.
The adder misses you. The adder barely misses you.
You hit the adder.
The adder is almost dead.
The adder bites you.
* * * LOW HITPOINT WARNING * * *
You are lethally poisoned!
The adder poisons you!
You closely miss the adder.
The adder is almost dead.
You die...

#.................
#>...########.#<..
#.#### #.#### #.#
#.# #.# #.. #.#
#.. #.## #...
#..###### #...
#@.......
#JS.#####.. #.###
#.. #. .. #. #.


You could see an adder and an endoplasm.

Vanquished Creatures
  An adder (D:2)
  2 dart slugs
  6 bats (D:1)
  6 endoplasms (D:1)
  5 goblins
  8 hobgoblins
  2 kobolds (D:1)
  A quokka (D:1)
  4 ball pythons (D:1)
  2 rats (D:1)
37 creatures vanquished.

Notes
Turn   | Place    | Note
-------+----------+-------------------------------------------
     0 | D:1      | thirtiethelement the Demonspawn Hunter began the quest for
                  | the Orb.
     0 | D:1      | Reached XP level 1. HP: 16/16 MP: 1/1
    83 | D:1      | Gained mutation: You regenerate a little health from kills.
                  | [demonic ancestry]
    83 | D:1      | Reached XP level 2. HP: 22/22 MP: 2/2
   134 | D:1      | Reached skill level 4 in Ranged Weapons
   296 | D:1      | Reached skill level 1 in Stealth
   296 | D:1      | Reached XP level 3. HP: 22/28 MP: 3/3
   334 | D:1      | Found a faded altar of an unknown god.
   421 | D:1      | Found Wuuniar's Magic Scroll Shoppe.
   431 | D:1      | Bought a scroll of identify for 20 gold pieces
   431 | D:1      | Bought a scroll of noise for 10 gold pieces
   528 | D:1      | You fall into a shaft and drop 1 floor!
   859 | D:2      | HP: 1/28 [adder (1)]
   860 | D:2      | Succumbed to an adder's poison

Illustrated notes

Levels and vault maps discovered:
D:1:      dpeg_arrival_short_road, layout_basic, serial_shops, shop,
          shapermc_ecumenical_altar_mp_highgroup
D:2:      layout_basic, minmay_strange_pillars, chequers_serial_rivers_room_b,
          kennysheep_generic_room_15

Skill      XL: |  1  2 |
---------------+-------+-----
Dodging        | 2 |  2.0
Ranged Weapons | 4 |  4.5
Stealth        | 1 |  1.0
Fighting       | |  2.4
Armour         | |  0.4

Action                     || total
---------------------------++-------
  Melee: Dagger            ||    48
   Fire: Shortbow          ||    87
    Use: Scroll            ||     1
 Armour: Leather armour    ||    18
  Dodge: Dodged            ||    44

Table legend: (Time is in decaauts)
 A = Elapsed time spent in this place.
 B = Non-inter-level travel time spent in this place.
 C = Inter-level travel time spent in this place.
 D = Time resting spent in this place.
 E = Time spent auto-exploring this place.
 F = Levels seen in this place.
 G = Mean time per level.
                   A        B        C        D        E       F      G
               +--------+--------+--------+--------+--------+-----+--------+
         Total |    878 |    860 |     18 |      0 |    615 |   2 |  439.0 |
       Dungeon |    878 |    860 |     18 |      0 |    615 |   2 |  439.0 |
               +--------+--------+--------+--------+--------+-----+--------+

Top non-repeatable levels by time:
     D:1: 659 daAuts
     D:2: 219 daAuts
